 Dungeon Crawl Stone Soup version 0.21-a0-2-ge494091 (webtiles) character file.

1038 Naow the Firebug (level 8, 0/46 HPs)
             Began as an Octopode Fire Elementalist on May 22, 2017.
             Was an Initiate of Vehumet.
             Slain by yrara's ghost (15 damage)
             ... on level 7 of the Dungeon.
             The game lasted 00:14:12 (9987 turns).

Naow the Firebug (Octopode Fire Elementalist)       Turns: 9987, Time: 00:14:12

Health: 0/46       AC:  2    Str:  7    XL:     8   Next: 24%
Magic:  6/15       EV: 13    Int: 19    God:    Vehumet [......]
Gold:   335        SH:  0    Dex: 13    Spells: 2/17 levels left

rFire    x . .     SeeInvis +   k - +2 dagger (protect)
rCold    + . .     Gourm    .   (no shield)
rNeg     + . .     Faith    .   m - +1 hat
rPois    .         Spirit   .   (no amulet)
rElec    .         Reflect  .   c - ring of ice
rCorr    .         Harm     .   d - ring of positive energy
MR       .....                  g - ring of see invisible
Stlth    +++.......             (no ring)
Regen    0.2/turn               (no ring)
MPRegen  0.2/turn               (no ring)
                                (no ring)
                                (no ring)

@: very slightly contaminated
A: almost no armour, stealthy swim, amphibious, 8 rings, constrict 8, camouflage
1, gelatinous body 1
a: Renounce Religion


You were on level 7 of the Dungeon.
You worshipped Vehumet.
Vehumet was noncommittal.
You were near starving.

You visited 2 branches of the dungeon, and saw 9 of its levels.

You collected 335 gold pieces.

Inventory:

Hand Weapons
 h - a +0 dagger
 k - a +2 dagger of protection (weapon)
Missiles
 w - 3 needles of confusion
Armour
 m - a +1 hat (worn)
Jewellery
 c - a ring of ice (left tentacle)
 d - a ring of positive energy (right tentacle)
 g - a ring of see invisible (on tentacle)
Wands
 s - a wand of confusion (28/48)
 u - a wand of random effects (14/48)
 x - a wand of lightning (5/15)
 y - a wand of polymorph (4/24)
 z - a wand of confusion (15/48)
 I - a wand of disintegration (7/24)
Scrolls
 f - 11 scrolls of identify {unknown}
 j - 5 scrolls of amnesia {unknown}
 l - 5 scrolls of remove curse {unknown}
 o - 3 scrolls of fog {unknown}
 t - 2 scrolls of teleportation {unknown}
 A - a scroll of enchant weapon {unknown}
 D - a scroll of magic mapping {unknown}
 F - a scroll of recharging {unknown}
 G - a scroll of immolation {unknown}
 H - a scroll of vulnerability {unknown}
Potions
 e - 3 potions of curing
 i - a potion of agility {unknown}
 p - a potion of ambrosia {unknown}
 q - a potion of flight {unknown}
 r - 3 potions of haste {unknown}
 v - a potion of berserk rage {unknown}
 E - a potion of brilliance {unknown}
Books
 a - a book of Flames

   Spells                             Type                      Level
   a - Flame Tongue                   Conjuration/Fire             1
   b - Throw Flame                    Conjuration/Fire             2
   c - Conjure Flame                  Conjuration/Fire             3
   d - Inner Flame                    Hexes/Fire                   3
   e - Sticky Flame                   Conjuration/Fire             4
   f - Fireball                       Conjuration/Fire             5
 B - a book of Minor Magic

   Spells                             Type                      Level
   a - Magic Dart                     Conjuration                  1
   b - Blink                          Translocation                2
   c - Call Imp                       Summoning                    2
   d - Slow                           Hexes                        2
   e - Conjure Flame                  Conjuration/Fire             3
   f - Mephitic Cloud                 Conjuration/Poison/Air       3
Comestibles
 b - 6 bread rations
 n - 2 royal jellies
 C - a meat ration


   Skills:
 - Level 2.0 Dodging
 - Level 2.6 Stealth
 + Level 5.3 Spellcasting
 + Level 5.4 Conjurations
 + Level 6.1 Fire Magic


You had 2 spell levels left.
You knew the following spells:

 Your Spells              Type           Power        Failure   Level  Hunger
a - Flame Tongue          Conj/Fire      ####.        1%          1    None
b - Throw Flame           Conj/Fire      ####..       1%          2    None
c - Conjure Flame         Conj/Fire      ####....     3%          3    ##.....
d - Sticky Flame          Conj/Fire      ####....     11%         4    ####...
e - Fireball              Conj/Fire      ####......   30%         5    #####..


Dungeon Overview and Level Annotations

Branches:
Dungeon (8/15)             Temple (1/1) D:5
   Lair: D:8-11

Altars:
Cheibriados
Dithmenos
Elyvilon
Fedhas
Gozag
Hepliaklqana
Kikubaaqudgha
Makhleb
Nemelex Xobeh
Okawaru
Qazlal
Ru
Trog
Uskayaw
Vehumet
Wu Jian
Xom
Yredelemnul
The Shining One

Annotations:
D:5 exclusion: centaur
D:6 exclusion: statue
D:7 exclusion: centaur, yrara's ghost, novice DsFi


Innate Abilities, Weirdness & Mutations

You cannot wear most types of armour.
You are very stealthy in the water. (Stealth+)
You are amphibious.
You can wear up to eight rings at the same time.
You can use your tentacles to constrict eight enemies at once.
Your skin changes colour to match your surroundings (Stealth+).
Your rubbery body absorbs attacks. (AC +1, EV +1)


Message History

Confirm with . or Enter, or press ? or * to list all spells.
Aiming: Flame Tongue
Press: ? - help, Shift-Dir - straight line, f/p - yrara's ghost
Aim: yrara's ghost (flame, lightly damaged)
The flame tongue hits yrara's ghost.
Yrara's ghost is lightly damaged.
Yrara's ghost is engulfed in blazing flames.
Yrara's ghost hits you!
Casting: Flame Tongue
Confirm with . or Enter, or press ? or * to list all spells.
Aiming: Flame Tongue
Press: ? - help, Shift-Dir - straight line, f/p - yrara's ghost
Aim: yrara's ghost (flame, lightly damaged)
The flame tongue hits yrara's ghost.
Yrara's ghost appears unharmed.
Yrara's ghost is lightly damaged.
Yrara's ghost is engulfed in blazing flames.
Yrara's ghost hits you!!
Yrara's ghost is engulfed in blazing flames.
Yrara's ghost hits you!
You die...

###.##.###....####
.................. ..## ##
................. '... ..
###.##'###..#......#..# # #
#.#...##..#.######..##.# #
#.#...+.....######..##.##...###
#.#...##..#....................
..##.........W.........##..####
#.##.###..#.##@................
## #.# #..#.######.###.##..###.
#.# #..#.# #.# #.##..###. #.#
#..#.######.###.##...... #.#
##.#W...............##.. #.#
#.#.######.###.#....... #.#
#.#.# #.# #.#..###.. ... .....
..# #.#..# #.. .#.# ######.#..#
#..


You could see yrara's ghost.

Vanquished Creatures
  The ghost of rlgrobin the Sneak, an amateur OpEn of Okawaru (D:3)
  2 ogres (D:7)
  A centaur (D:6)
  A wyvern skeleton (D:7)
  A crimson imp (D:5)
  A howler monkey (D:4)
  2 hounds
  9 worker ants
  A howler monkey zombie (D:6)
  3 gnolls (D:3)
  5 adders
  3 shadow imps
  An ooze (D:1)
  An adder zombie (D:6)
  2 adder skeletons
  5 worms
  2 dart slugs (D:1)
  10 leopard geckos
  7 orcs
  13 giant cockroaches
  14 goblins
  9 hobgoblins
  15 jackals
  A quokka (D:2)
  A ball python (D:2)
  8 bats
  5 frilled lizards
  6 kobolds
  2 leopard gecko skeletons (D:4)
  13 rats
145 creatures vanquished.

Vanquished Creatures (others)
  A wizard (D:3)
1 creature vanquished.

Grand Total: 146 creatures vanquished

Notes
Turn   | Place    | Note
-------+----------+-------------------------------------------
     0 | D:1      | Naow the Octopode Fire Elementalist began the quest for the Orb.
     0 | D:1      | Reached XP level 1. HP: 11/11 MP: 3/3
    26 | D:1      | You fall through a shaft!
    52 | D:2      | Reached XP level 2. HP: 17/17 MP: 1/5
   125 | D:2      | Learned a level 2 spell: Throw Flame
   488 | D:2      | Reached XP level 3. HP: 21/21 MP: 4/6
  1907 | D:1      | Reached XP level 4. HP: 25/27 MP: 0/8
  2030 | D:1      | Learned a level 3 spell: Conjure Flame
  3643 | D:3      | Found a bloodstained altar of Trog.
  3665 | D:3      | Noticed a wizard
  3668 | D:3      | Killed a wizard
  3823 | D:3      | Noticed rlgrobin's ghost (amateur OpEn)
  3841 | D:3      | Killed rlgrobin's ghost
  3841 | D:3      | Reached skill level 4 in Fire Magic
  3841 | D:3      | Reached XP level 5. HP: 22/31 MP: 0/10
  3929 | D:3      | Reached XP level 6. HP: 36/36 MP: 8/11
  4026 | D:3      | Learned a level 4 spell: Sticky Flame
  4483 | D:3      | Found an iron altar of Okawaru.
  4483 | D:3      | Found a stormy altar of Qazlal.
  4484 | D:3      | Found a blossoming altar of Fedhas.
  5681 | D:5      | Entered Level 5 of the Dungeon
  5830 | D:4      | Reached XP level 7. HP: 18/41 MP: 7/13
  6130 | D:5      | Reached skill level 5 in Fire Magic
  6472 | D:5      | Found a staircase to the Ecumenical Temple.
  6483 | Temple   | Entered the Ecumenical Temple
  7044 | D:6      | Learned a level 5 spell: Fireball
  7341 | D:6      | Found a radiant altar of Vehumet.
  8747 | D:6      | Became a worshipper of Vehumet
  9016 | D:7      | Reached skill level 5 in Conjurations
  9229 | D:7      | Noticed yrara's ghost (novice DsFi)
  9352 | D:7      | Reached XP level 8. HP: 43/46 MP: 10/15
  9523 | D:7      | Reached skill level 5 in Spellcasting
  9622 | D:7      | Reached skill level 6 in Fire Magic
  9987 | D:7      | Slain by yrara's ghost

Vault maps used:
D:1:      dpeg_arrival_arbitrary_b
D:2:      minivault_25
D:3:      gammafunk_temple_overflow_claw, first_bread, trog_wizard
D:5:      minmay_temple_entry_hall
D:6:      vehumet_statue
D:7:      serial_shops, nicolae_shop_behind_doors
D:8:      cheibrodos_ashenzari_chains, led_sif_pool,
          gammafunk_temple_overflow_arena, minmay_lair_entry_lava
Temple:   regret_index_temple_generic_petals

Skill      XL: |  1  2  3  4  5  6  7  8 |
---------------+-------------------------+-----
Conjurations   | 2 3 4 5 |  5.4
Spellcasting   | 3 4 5 |  5.3
Fire Magic     | 4 5 6 |  6.1
Dodging        | |  2.0
Stealth        | |  2.6

Action                   |  1- 3 |  4- 6 |  7- 9 || total
-------------------------+-------+-------+-------++-------
Melee: Tentacles         |     3 |     1 |     2 ||     6
       Unarmed           |     1 |       |       ||     1
       Dagger            |     8 |    20 |    16 ||    44
       Constrict         |     2 |     4 |     2 ||     8
 Cast: Flame Tongue      |    66 |   147 |    64 ||   277
       Throw Flame       |     1 |    27 |    52 ||    80
       Sticky Flame      |       |     2 |     5 ||     7
       Conjure Flame     |       |     2 |     2 ||     4
  Use: Potion            |       |       |     1 ||     1
  Eat: Chunk             |     3 |    13 |     8 ||    24
       Meat ration       |       |       |     1 ||     1
Armor: Skin              |     6 |    13 |     7 ||    26
Dodge: Dodged            |    15 |    60 |    31 ||   106
